 Dungeon Crawl Stone Soup version 0.31-a0-263-ge8cad7f256 (webtiles) character file.

Game seed: 13328762063785967686

52 qw the Shooter (level 3, -1/29 HPs)
             Began as a Minotaur Hexslinger on July 13, 2023.
             Slain by a gnoll
             ... wielding a +0 flail
              (12 damage)
             ... on level 2 of the Dungeon.
             The game lasted 00:00:25 (999 turns).

qw the Shooter (Minotaur Hexslinger)                 Turns: 999, Time: 00:00:26

Health: -1/29      AC:  4    Str: 12    XL:     3   Next: 60%
Magic:  3/3        EV: 12    Int: 10    God:
Gold:   98         SH:  0    Dex: 14    Spells: 3/4 levels left

rFire   . . .        c - +0 longbow
rCold   . . .        (shield currently unavailable)
rNeg    . . .        h - +0 leather armour
rPois   .            (helmet restricted)
rElec   .            (no cloak)
rCorr   +            d - +0 pair of gloves
SInv    .            (no boots)
Will    .....        (no amulet)
Stlth   +            g - ring of resist corrosion
HPRegen 0.24/turn    (no ring)
MPRegen 0.08/turn

%: no passive effects
@: no status effects
A: horns 2, retaliatory headbutt
a: no special abilities


You were on level 2 of the Dungeon.
You visited 1 branch of the dungeon, and saw 2 of its levels.

You collected 98 gold pieces.


Innate Abilities, Weirdness & Mutations

You have a pair of horns on your head.
You reflexively headbutt those who attack you in melee.


   Skills:
 - Level 2.0 Fighting
 + Level 4.2 Ranged Weapons
 - Level 2.1 Dodging
 - Level 1.0 Spellcasting
 - Level 2.0 Hexes


You had 3 spell levels left.
You knew the following spells:

 Your Spells              Type           Power      Damage    Failure   Level
a - Slow                  Hex            16%        N/A       19%         1

Your spell library contained the following spells:

 Spells                   Type           Power      Damage    Failure   Level
 Inner Flame              Hex/Fire       2%         N/A       65%         3
 Portal Projectile        Hex/Tloc       4%         N/A       65%         3
 Cause Fear               Hex            2%         N/A       88%         4

Inventory:

Hand Weapons
 c - a +0 longbow (weapon)
Armour
 d - a +0 pair of gloves (worn)
 h - a +0 leather armour (worn)
Jewellery
 g - a ring of resist corrosion (left hand)
Scrolls
 a - 2 scrolls of identify
Potions
 b - 2 potions of attraction {unknown}

Dungeon Overview and Level Annotations

Branches:
Dungeon (2/15)

Altars:
Zin

Annotations:
D:2 exclusion: gnoll


Message History

Enter note:
Enter note:
Enter note:
Enter note:
989 ||| DRINKING potion of heal wounds.
You feel much better.
A gnoll comes into view. It is wielding a +0 flail.
The gnoll misses you.
A gnoll comes into view. It is wielding a +0 flail.
Enter note:
Enter note:
Enter note:
Enter note: You shoot an arrow.
The arrow hits the gnoll.
The gnoll is lightly wounded.
The gnoll barely misses you.
You shoot an arrow. The arrow barely misses the gnoll.
The gnoll hits you but does no damage.
The gnoll hits you from afar with a +0 halberd.
You shoot an arrow. The arrow hits the gnoll.
The gnoll is heavily wounded.
You hear a shout!
The gnoll barely misses you.
You hear a shout! x2
You shoot an arrow. The arrow closely misses the gnoll.
The gnoll barely misses you. The gnoll misses you.
You shoot an arrow. The arrow hits the gnoll.
The gnoll is severely wounded.
The gnoll hits you from afar with a +0 halberd!
You shoot an arrow. The arrow hits the gnoll!
You kill the gnoll!
Your Ranged Weapons skill increases to level 4!
You shoot an arrow. The arrow closely misses the gnoll.
The arrow barely misses the gnoll.
The gnoll barely misses you. You furiously retaliate!
You headbutt the gnoll, but do no damage.
You shoot an arrow. The arrow hits the gnoll.
The gnoll is lightly wounded.
A kobold comes into view. It is wielding a +0 dagger.
The gnoll barely misses you. x2; The gnoll hits you with a +0 flail!
You die...

#.>... #. #....## #.
#..... .. .. ###.## ## #.
#.# .. ##+## #. ##...## #.
### ##.....## #.##@##
##.......##
.#####.#gg.####.........##
gg..)..)K.....'.........+.
.#####.#...####.........##
#.##.## ##.......## #. ###
##.....## #. ##...## #. ..
##'## .. ...# #.#


You could see 2 gnolls and a kobold.

Vanquished Creatures
  A gnoll (D:2)
  An endoplasm (D:2)
  4 giant cockroaches
  5 goblins
  5 hobgoblins
  3 quokkas
  8 ball pythons
  2 bats
  A frilled lizard (D:1)
  4 kobolds
  3 rats (D:1)
37 creatures vanquished.

Notes
Turn   | Place    | Note
-------+----------+-------------------------------------------
     0 | D:1      | qw the Minotaur Hexslinger began the quest for the Orb.
     0 | D:1      | Reached XP level 1. HP: 16/16 MP: 1/1
     0 | D:1      | 0 ||| qw: Version: 0.3-a-52-g30416fa
     0 | D:1      | 0 ||| qw: Game counter: 7427
     0 | D:1      | 0 ||| qw: Melee chars always use a shield: true
     0 | D:1      | 0 ||| qw: God list: Okawaru
     0 | D:1      | 0 ||| qw: Allow faded altars: false
     0 | D:1      | 0 ||| qw: Do Orc after clearing Dungeon:15 true
     0 | D:1      | 0 ||| qw: Do second Lair branch before Depths: true
     0 | D:1      | 0 ||| qw: Lair rune preference: random
     0 | D:1      | 0 ||| qw: Goals: Normal
     0 | D:1      | 0 ||| PLANNING D:1-11
    95 | D:1      | Reached skill level 3 in Ranged Weapons
   111 | D:1      | Reached XP level 2. HP: 23/23 MP: 2/2
   570 | D:1      | 570 ||| UPGRADING to +0 pair of gloves.
   575 | D:1      | 575 ||| UPGRADING to +0 leather armour.
   585 | D:1      | 585 ||| DROPPING +0 robe.
   586 | D:1      | 586 ||| UPGRADING to ring of resist corrosion.
   587 | D:1      | 587 ||| READING 3 scrolls labelled HUESYA ULAERPH.
   588 | D:1      | 588 ||| READING scroll labelled IDYIGE GEDAFRU.
   589 | D:1      | 589 ||| READING 2 scrolls of identify.
   589 | D:1      | 589 ||| IDENTIFYING bubbling cyan potion
   590 | D:1      | 590 ||| DROPPING scroll of poison.
   638 | D:2      | 638 ||| STAIRDANCE
   658 | D:2      | Found a glowing silver altar of Zin.
   699 | D:2      | Reached XP level 3. HP: 29/29 MP: 3/3
   817 | D:2      | 817 ||| SWAPPING to +0 longbow.
   818 | D:2      | 818 ||| DROPPING +1 sling.
   988 | D:2      | HP: 3/29 [gnoll/+0 halberd (13)]
   989 | D:2      | 989 ||| DRINKING potion of heal wounds.
   998 | D:2      | Reached skill level 4 in Ranged Weapons
   999 | D:2      | Slain by a gnoll

Levels and vault maps discovered:
D:1:      psy_arrival_statuary, layout_basic, serial_curves, eino_curves_03,
          eino_curves_03
D:2:      minmay_kobold_bridge, layout_loops_corners, basic_altar

Skill      XL: |  1  2  3 |
---------------+----------+-----
Ranged Weapons | 3 4 |  4.2
Fighting       | 2 |  2.0
Dodging        | |  2.1
Spellcasting   | |  1.0
Hexes          | |  2.0

Action                     || total
---------------------------++-------
   Fire: Sling             ||    68
         Longbow           ||    26
    Use: Scroll            ||     3
         Potion            ||     1
 Armour: Leather armour    ||     4
         Robe              ||     1
  Dodge: Dodged            ||    25

Table legend:
 A = Non-vault XP
 B = Vault XP
 C = Vault XP percentage of total XP
 D = Non-vault monster count
 E = Vault monster count
 F = Vault count percentage of total count
                 A         B        C        D         E       F
            +---------+---------+-------+---------+---------+-------
      Total |      75 |       0 |   0.0 |      37 |       0 |   0.0
            +---------+---------+-------+---------+---------+-------
        D:1 |      38 |       0 |   0.0 |      24 |       0 |   0.0
        D:2 |      37 |       0 |   0.0 |      13 |       0 |   0.0
            +---------+---------+-------+---------+---------+-------
